Knights vs Remparts

Created - 18 mars 2017 at 20:08

Goals
1 2 3 OT1 T
Knights 0 3 2 0 5
Remparts 2 2 1 1 6
Shots
1 2 3 OT1 T
Knights 12 18 9 1 40
Remparts 13 20 4 1 38

1st period

1. Remparts , Guillaume Desbiens 25 (Erik Gudbranson, Cédric Lalonde-McNicoll) at 2:34
2. Remparts , Jonathan Matsumoto 48 (Pasi Salonen, Matt Halischuk) at 16:55

Penalties :
Scott Lehman (Lon) for Holding (Minor) at 2:49

2nd period

3. Knights , Chris Thorburn 33 (Joe Colborne) at 5:21
4. Knights , Michael Raffl 23 (Nikita Nikitin, Craig Adams) at 6:40
5. Knights , Michael Raffl 24 (Craig Adams, Zack Hamill) at 11:53
6. Remparts , Jonathan Matsumoto 49 (Matt Halischuk, Pasi Salonen) at 13:21
7. Remparts , Pasi Salonen 28 (Matt Halischuk, Jonathan Matsumoto) at 14:47

Penalties :
Guillaume Desbiens (Que) for Elbowing (Minor) at 8:43

3rd period

8. Remparts , Mika Zibanejad 20 (Petr Straka, Luca Caputi) at 8:35
9. Knights , Chris Thorburn 34 (Joe Colborne, Scott Lehman) at 9:08
10. Knights , Cody Bass 21 (Jimmy Hayes) at 9:48

Penalties :
Scott Jackson (Lon) for Holding (Minor) at 1:29, Michael Raffl (Lon) for Hooking (Minor) at 11:22

Overtime #1

11. Remparts , Jonathan Matsumoto 50 (Matt Halischuk, Erik Gudbranson) at 0:24

Penalties :
No Penalty

Goalie Stats

Ben Scrivens (Lon), 32 saves from 38 shots - (0,842), OTL, 18-7-4, 60:24 minutes
Petr Mrazek (Que), 35 saves from 40 shots - (0,875), W, 15-14-3, 60:24 minutes

Players Stats for Knights

Player Name              G  A  P  +/- PIM S  H  SB GA TA FO     MP     PP MP  PK MP  
------------------------------------------------------------------------------------
A.J. Jenks               0  0  0  -1  0   3  1  1  0  1  0/0    11:51   0:00   0:00 
Chris Thorburn           2  0  2   1  0   3  0  0  1  0  0/1    19:34   0:49   3:10 
Cody Almond              0  0  0   0  0   0  0  0  0  0  0/0     0:00   0:00   0:00 
Cody Bass                1  0  1  -1  0   4  1  0  0  0  4/5    11:51   0:00   0:00 
Colton Gillies           0  0  0  -1  0   0  1  0  1  0  0/0     7:33   0:00   0:00 
Craig Adams              0  2  2  -1  0   6  2  1  2  1  5/7    21:46   0:58   3:06 
Jared Spurgeon           0  0  0  -1  0   1  0  1  1  1  0/0    19:08   0:49   2:41 
Jason Zucker             0  0  0   0  0   0  0  0  0  0  0/0     0:45   0:15   0:00 
Jimmy Hayes              0  1  1  -1  0   1  2  0  0  0  0/0    11:51   0:00   0:00 
Joe Colborne             0  2  2   2  0   5  0  0  0  2  5/8    17:21   0:49   1:35 
Jonathan Huberdeau       0  0  0   0  0   0  0  0  0  0  0/0     1:09   0:00   1:09 
Josh Jooris              0  0  0   0  0   0  0  1  0  1  0/0     1:36   0:00   1:19 
Kevin Hayes              0  0  0   0  0   0  0  0  0  0  0/0     0:37   0:12   0:00 
Linden Vey               0  0  0  -1  0   2  0  0  3  0  1/1     7:33   0:00   0:00 
Michael Raffl            2  0  2   0  2   2  1  1  0  1  2/3    18:09   1:07   0:00 
Michael Stone            0  0  0   0  0   0  0  0  0  0  0/0     5:15   0:00   0:00 
Nikita Nikitin           0  1  1  -1  0   3  3  0  0  0  0/0    25:42   1:10   3:16 
Patrick Wiercioch        0  0  0   0  0   0  0  0  0  0  0/0     5:15   0:00   0:00 
Philip Varone            0  0  0  -1  0   0  1  0  0  0  1/2     7:33   0:00   0:00 
Ronalds Kenins           0  0  0   2  0   2  2  1  0  0  0/0    15:44   0:49   0:00 
Scott Jackson            0  0  0   1  2   0  0  0  0  0  0/0    10:21   0:00   0:00 
Scott Lehman             0  1  1  -1  2   2  2  2  0  1  0/0    18:23   0:49   1:57 
Tomas Kundratek          0  0  0  -1  0   1  1  3  0  0  0/0    25:42   1:10   3:16 
Zach Trotman             0  0  0   1  0   0  0  0  0  1  0/0    11:20   0:00   0:44 
Zack Hamill              0  1  1   0  0   5  2  0  0  0  10/34  19:37   0:58   1:35 

Players Stats for Remparts

Player Name              G  A  P  +/- PIM S  H  SB GA TA FO     MP     PP MP  PK MP  
------------------------------------------------------------------------------------
Brandon Gormley          0  0  0   2  0   0  0  1  1  1  0/0    25:13   3:34   1:15 
Cédric Lalonde-McNicoll  0  1  1  -2  0   2  2  2  0  0  8/13   18:36   2:23   1:08 
Erik Gudbranson          0  2  2   0  0   0  2  1  1  3  0/0    26:48   3:34   0:44 
Geordie Wudrick          0  0  0   0  0   1  0  0  0  0  1/1     7:43   0:00   0:00 
Guillaume Desbiens       1  0  1  -2  2   3  3  1  0  0  0/0    17:49   2:23   0:00 
Ivan Vishnevski          0  0  0   1  0   0  0  0  0  0  0/0    12:58   0:00   0:00 
Johannes Salmonsson      0  0  0  -2  0   1  1  1  0  0  0/0    18:48   2:23   0:59 
Jonathan Cheechoo        0  0  0   0  0   1  0  0  2  0  0/0     8:11   0:00   0:28 
Jonathan Matsumoto       3  1  4   2  0   11 1  0  0  0  22/38  20:34   3:34   0:00 
Luca Caputi              0  1  1   1  0   4  0  1  1  0  0/0    12:31   0:00   0:09 
Matt Halischuk           0  4  4   2  0   5  1  1  2  0  0/0    20:33   3:34   0:00 
Max Reinhart             0  0  0   0  0   0  0  0  0  1  1/3     8:01   0:00   0:18 
Michael Paliotta         0  0  0   1  0   0  0  1  0  1  0/0    12:58   0:00   0:00 
Mika Zibanejad           1  0  1   1  0   5  1  1  0  1  0/5    12:50   0:01   0:09 
Pasi Salonen             1  2  3   1  0   2  3  0  1  0  1/1    20:53   3:33   0:47 
Petr Straka              0  1  1   1  0   0  1  1  0  0  0/0    12:19   0:00   0:00 
Radko Gudas              0  0  0  -2  0   1  1  4  1  1  0/0    22:13   2:23   0:44 
William Colbert          0  0  0   0  0   2  0  3  0  0  0/0    20:38   2:23   1:15 

3 Stars

1 - Jonathan Matsumoto (Que)
2 - Matt Halischuk (Que)
3 - Pasi Salonen (Que)

Power Play

Knights - 0 on 1 Attempt(s) - 0,00%
Remparts - 0 on 3 Attempt(s) - 0,00%

Penalty Kill

Knights - 3 on 3 Attempt(s) - 100,00% - Score 0 goal in Penalty Kill
Remparts - 1 on 1 Attempt(s) - 100,00% - Score 0 goal in Penalty Kill

Team Stat

Knights - Hits : 19 - Faceoff Wins : 28 - Blocked Shots : 11 - Penalty Minutes : 6
Remparts - Hits : 16 - Faceoff Wins : 33 - Blocked Shots : 18 - Penalty Minutes : 2

Official

Referees : Leggo Mike and Lee Chris
Linesman : Lonnie Cameron and Jonny Murray

Game Notes

3:45 of 3rd period - Knights goal is going for a video replay. After video review, No Goal. The attacking player has interfered with a goalkeeper in his goal crease.
Jonathan Matsumoto has scored a Hat Trick!

Finance

Level 1 -- Attendance: 1590 (79,50%) -- Ticket Income 39 750 $
Level 2 -- Attendance: 741 (74,10%) -- Ticket Income 11 115 $
Total Attendance: 2331 (77,70%)
Total Ticket Income: 50 865 $
Other Income: 2 543 $
Total Income: 53 408 $

Knights

5 vs 5 Forward 
   Center                   Left Wing                Right Wing               Time % Phy DF OF 
 1 Zack Hamill              Michael Raffl            Craig Adams              40     1   2  2  
 2 Joe Colborne             Ronalds Kenins           Chris Thorburn           30     1   2  2  
 3 Cody Bass                A.J. Jenks               Jimmy Hayes              20     1   2  2  
 4 Philip Varone            Colton Gillies           Linden Vey               10     1   2  2  

5 vs 5 Defense 
   Defense                  Defense                                           Time % Phy DF OF 
 1 Tomas Kundratek          Nikita Nikitin                                    40     1   2  2  
 2 Jared Spurgeon           Scott Lehman                                      30     1   2  2  
 3 Scott Jackson            Zach Trotman                                      20     1   2  2  
 4 Michael Stone            Patrick Wiercioch                                 10     1   2  2  

PowerPlay Forward 
   Center                   Left Wing                Right Wing               Time % Phy DF OF 
 1 Zack Hamill              Michael Raffl            Craig Adams              60     1   2  2  
 2 Joe Colborne             Ronalds Kenins           Chris Thorburn           40     1   2  2  

PowerPlay Defense
   Defense                  Defense                                           Time % Phy DF OF 
 1 Tomas Kundratek          Nikita Nikitin                                    60     1   2  2  
 2 Jared Spurgeon           Scott Lehman                                      40     1   2  2  

Penalty Kill 4 Players Forward 
   Center                   Wing                     Time % Phy DF OF 
 1 Craig Adams              Chris Thorburn           60     1   2  2  
 2 Zack Hamill              Joe Colborne             40     1   2  2  

Penalty Kill 4 Players Defense
   Defense                  Defense                  Time % Phy DF OF 
 1 Tomas Kundratek          Nikita Nikitin           60     1   2  2  
 2 Jared Spurgeon           Scott Lehman             40     1   2  2  

Penalty Kill - 3 Players Forward 
   Forward                                           Time % Phy DF OF 
 1 Craig Adams                                       60     1   2  2  
 2 Chris Thorburn                                    40     1   2  2  

Penalty Kill - 3 Players Defense
   Defense                  Defense                  Time % Phy DF OF 
 1 Tomas Kundratek          Nikita Nikitin           60     1   2  2  
 2 Jared Spurgeon           Scott Lehman             40     1   2  2  

4 vs 4 Forward 
   Center                   Wing                     Time % Phy DF OF 
 1 Craig Adams              Chris Thorburn           60     1   2  2  
 2 Zack Hamill              Joe Colborne             40     1   2  2  

4 vs 4 Defense
   Defense                  Defense                  Time % Phy DF OF 
 1 Tomas Kundratek          Nikita Nikitin           60     1   2  2  
 2 Jared Spurgeon           Scott Lehman             40     1   2  2  

Last Minutes Offensive
   Center                   Left Wing                Right Wing               Defense                  Defense                  
   Zack Hamill              Michael Raffl            Craig Adams              Tomas Kundratek          Nikita Nikitin           

Last Minutes Defensive
   Center                   Left Wing                Right Wing               Defense                  Defense                  
   Zack Hamill              Michael Raffl            Craig Adams              Tomas Kundratek          Nikita Nikitin           

Goaltenders
Starting : Ben Scrivens             
Backup : Jeff Glass               

Extra Forwards
Normal : Jason Zucker, Kevin Hayes, Josh Jooris - PP : Jason Zucker, Kevin Hayes - PK : Josh Jooris
Extra Defensemen
Normal : Scott Jackson, Zach Trotman, Michael Stone - PP : Scott Jackson - PK : Zach Trotman, Michael Stone
Penalty Shots
Craig Adams, Chris Thorburn, Zack Hamill, Joe Colborne, Michael Raffl

Remparts

5 vs 5 Forward 
   Center                   Left Wing                Right Wing               Time % Phy DF OF 
 1 Jonathan Matsumoto       Pasi Salonen             Matt Halischuk           40     0   2  3  
 2 Cédric Lalonde-McNicoll  Johannes Salmonsson      Guillaume Desbiens       30     0   2  3  
 3 Mika Zibanejad           Luca Caputi              Petr Straka              20     0   3  2  
 4 Max Reinhart             Geordie Wudrick          Jonathan Cheechoo        10     1   2  2  

5 vs 5 Defense 
   Defense                  Defense                                           Time % Phy DF OF 
 1 Erik Gudbranson          Brandon Gormley                                   40     0   2  3  
 2 Radko Gudas              William Colbert                                   30     0   2  3  
 3 Ivan Vishnevski          Michael Paliotta                                  20     1   2  2  
 4 Erik Gudbranson          Radko Gudas                                       10     0   2  3  

PowerPlay Forward 
   Center                   Left Wing                Right Wing               Time % Phy DF OF 
 1 Jonathan Matsumoto       Pasi Salonen             Matt Halischuk           60     0   1  4  
 2 Cédric Lalonde-McNicoll  Johannes Salmonsson      Guillaume Desbiens       40     0   1  4  

PowerPlay Defense
   Defense                  Defense                                           Time % Phy DF OF 
 1 Erik Gudbranson          Brandon Gormley                                   60     0   2  3  
 2 Radko Gudas              William Colbert                                   40     0   2  3  

Penalty Kill 4 Players Forward 
   Center                   Wing                     Time % Phy DF OF 
 1 Cédric Lalonde-McNicoll  Johannes Salmonsson      60     1   4  0  
 2 Max Reinhart             Pasi Salonen             40     1   4  0  

Penalty Kill 4 Players Defense
   Defense                  Defense                  Time % Phy DF OF 
 1 Erik Gudbranson          Radko Gudas              60     1   4  0  
 2 Brandon Gormley          William Colbert          40     1   4  0  

Penalty Kill - 3 Players Forward 
   Forward                                           Time % Phy DF OF 
 1 Cédric Lalonde-McNicoll                           60     1   4  0  
 2 Johannes Salmonsson                               40     1   4  0  

Penalty Kill - 3 Players Defense
   Defense                  Defense                  Time % Phy DF OF 
 1 Erik Gudbranson          Radko Gudas              60     1   4  0  
 2 Brandon Gormley          William Colbert          40     1   4  0  

4 vs 4 Forward 
   Center                   Wing                     Time % Phy DF OF 
 1 Jonathan Matsumoto       Matt Halischuk           60     0   2  3  
 2 Cédric Lalonde-McNicoll  Guillaume Desbiens       40     0   2  3  

4 vs 4 Defense
   Defense                  Defense                  Time % Phy DF OF 
 1 Erik Gudbranson          Brandon Gormley          60     0   2  3  
 2 Radko Gudas              William Colbert          40     0   2  3  

Last Minutes Offensive
   Center                   Left Wing                Right Wing               Defense                  Defense                  
   Jonathan Matsumoto       Pasi Salonen             Matt Halischuk           Erik Gudbranson          Brandon Gormley          

Last Minutes Defensive
   Center                   Left Wing                Right Wing               Defense                  Defense                  
   Cédric Lalonde-McNicoll  Johannes Salmonsson      Guillaume Desbiens       Erik Gudbranson          Radko Gudas              

Goaltenders
Starting : Petr Mrazek              
Backup : Tyler Plante             

Extra Forwards
Normal : Jonathan Matsumoto, Mika Zibanejad, Matt Halischuk - PP : Jonathan Matsumoto, Mika Zibanejad - PK : Jonathan Cheechoo
Extra Defensemen
Normal : William Colbert, Radko Gudas, Erik Gudbranson - PP : Brandon Gormley - PK : Brandon Gormley, Erik Gudbranson
Penalty Shots
Pasi Salonen, Jonathan Matsumoto, Jonathan Cheechoo, Mika Zibanejad, Cédric Lalonde-McNicoll

% Time on Ice - Knights

Lines # - Real PCT - Wanted PCT - Time Play
Normal Forward
1 - 33% - 40% - 17:20
2 - 29% - 30% - 15:20
3 - 23% - 20% - 11:51
4 - 15% - 10% - 7:33
Normal Defense
1 - 40% - 40% - 20:52
2 - 30% - 30% - 15:38
3 - 20% - 20% - 10:19
4 - 10% - 10% - 5:15
PP Forward
1 - 59% - 60% - 1:10
2 - 41% - 40% - 0:49
PP Defense
1 - 59% - 60% - 1:10
2 - 41% - 40% - 0:49
PK Forward
1 - 73% - 60% - 4:22
2 - 27% - 40% - 1:35
PK Defense
1 - 55% - 60% - 3:16
2 - 45% - 40% - 2:41
PK3 Forward
1 - 0% - 60%
2 - 0% - 40%
PK3 Defense
1 - 0% - 60%
2 - 0% - 40%
44 Forward
1 - 100% - 60% - 0:24
2 - 0% - 40% - 0:00
44 Defense
1 - 100% - 60% - 0:24
2 - 0% - 40% - 0:00
Last Minute Offensive  - 0:00
Last Minute Defensive  - 0:00
Total
Forward - 60:24
Defense - 60:24

% Time on Ice - Remparts

Lines # - Real PCT - Wanted PCT - Time Play
Normal Forward
1 - 33% - 40% - 16:57
2 - 29% - 30% - 15:05
3 - 24% - 20% - 12:19
4 - 15% - 10% - 7:43
Normal Defense
1 - 38% - 40% - 19:57
2 - 30% - 30% - 15:46
3 - 25% - 20% - 12:58
4 - 6% - 10% - 3:23
PP Forward
1 - 60% - 60% - 3:34
2 - 40% - 40% - 2:23
PP Defense
1 - 60% - 60% - 3:34
2 - 40% - 40% - 2:23
PK Forward
1 - 85% - 60% - 1:41
2 - 15% - 40% - 0:18
PK Defense
1 - 37% - 60% - 0:44
2 - 63% - 40% - 1:15
PK3 Forward
1 - 0% - 60%
2 - 0% - 40%
PK3 Defense
1 - 0% - 60%
2 - 0% - 40%
44 Forward
1 - 100% - 60% - 0:24
2 - 0% - 40% - 0:00
44 Defense
1 - 100% - 60% - 0:24
2 - 0% - 40% - 0:00
Last Minute Offensive  - 0:00
Last Minute Defensive  - 0:00
Total
Forward - 60:24
Defense - 60:24

Play by Play

1st period


0:01 of 1st period - Michael Raffl wins face-off versus Jonathan Matsumoto in neutral zone.
0:06 of 1st period - Snap shot by Jonathan Matsumoto.
0:06 of 1st period - Stopped by Ben Scrivens with a rebound.
0:08 of 1st period - Slapshot by Brandon Gormley.
0:08 of 1st period - Shot Misses the Net.
0:10 of 1st period - Snap shot by Brandon Gormley.
0:10 of 1st period - Shot Blocked by Michael Raffl.
0:12 of 1st period - Wrist shot by Matt Halischuk.
0:12 of 1st period - Deflect By Jonathan Matsumoto.
0:12 of 1st period - Shot Misses the Net.
0:12 of 1st period - Puck is out of play.
0:13 of 1st period - Joe Colborne wins face-off versus Cédric Lalonde-McNicoll in Knights zone.
0:18 of 1st period - Snap shot by Guillaume Desbiens.
0:18 of 1st period - Stopped by Ben Scrivens with a rebound.
0:20 of 1st period - Wrist shot by Johannes Salmonsson.
0:20 of 1st period - Stopped by Ben Scrivens with a rebound.
2:21 of 1st period - Icing by Guillaume Desbiens.
2:22 of 1st period - Cédric Lalonde-McNicoll wins face-off versus Zack Hamill in Remparts zone.
2:22 of 1st period - Cédric Lalonde-McNicoll is hit by Zack Hamill.
2:34 of 1st period - Slapshot by Guillaume Desbiens.
2:34 of 1st period - Goal by Guillaume Desbiens - Knights : 0 - Remparts : 1.
2:35 of 1st period - Jonathan Matsumoto wins face-off versus Michael Raffl in neutral zone.
2:40 of 1st period - Snap shot by Jonathan Matsumoto.
2:40 of 1st period - Stopped by Ben Scrivens with a rebound.
2:42 of 1st period - Wrist shot by Pasi Salonen.
2:42 of 1st period - Shot Blocked by Craig Adams.
2:46 of 1st period - Slapshot by Matt Halischuk.
2:46 of 1st period - Stopped by Ben Scrivens without a rebound.
2:47 of 1st period - Cody Bass wins face-off versus Jonathan Matsumoto in Knights zone.
2:49 of 1st period - Minor Penalty to Scott Lehman for Holding.
2:50 of 1st period - Craig Adams wins face-off versus Jonathan Matsumoto in Knights zone.
3:04 of 1st period - Snap shot by Chris Thorburn.
3:04 of 1st period - Deflect By Craig Adams.
3:04 of 1st period - Stopped by Petr Mrazek without a rebound.
3:05 of 1st period - Craig Adams wins face-off versus Jonathan Matsumoto in Remparts zone.
4:49 of 1st period - Penalty to Scott Lehman is over, Scott Lehman is back on ice.
4:55 of 1st period - Wrist shot by Chris Thorburn.
4:55 of 1st period - Shot Hit the Post.
4:57 of 1st period - Snap shot by Chris Thorburn.
4:57 of 1st period - Shot Blocked by William Colbert.
4:59 of 1st period - Slapshot by Chris Thorburn.
4:59 of 1st period - Shot Blocked by William Colbert.
5:01 of 1st period - Wrist shot by Craig Adams.
5:01 of 1st period - Stopped by Petr Mrazek with a rebound.
5:05 of 1st period - Snap shot by Craig Adams.
5:05 of 1st period - Stopped by Petr Mrazek without a rebound.
5:06 of 1st period - Cody Bass wins face-off versus Max Reinhart in Remparts zone.
5:31 of 1st period - Colton Gillies is hit by Petr Straka and loses puck.
5:42 of 1st period - Wrist shot by Linden Vey.
5:42 of 1st period - Shot Misses the Net.
6:06 of 1st period - Backhand shot by Jonathan Matsumoto.
6:06 of 1st period - Shot Misses the Net.
6:08 of 1st period - Wrist shot by Pasi Salonen.
6:08 of 1st period - Deflect By Jonathan Matsumoto.
6:08 of 1st period - Stopped by Ben Scrivens without a rebound.
6:09 of 1st period - Joe Colborne wins face-off versus Cédric Lalonde-McNicoll in Knights zone.
6:25 of 1st period - Brandon Gormley is hit by Ronalds Kenins and loses puck.
6:36 of 1st period - A.J. Jenks is hit by Pasi Salonen and loses puck.
7:01 of 1st period - Slapshot by Scott Lehman.
7:01 of 1st period - Stopped by Petr Mrazek with a rebound.
7:03 of 1st period - Slapshot by Jared Spurgeon.
7:03 of 1st period - Shot Blocked by Radko Gudas.
7:21 of 1st period - Slapshot by Zack Hamill.
7:21 of 1st period - Stopped by Petr Mrazek without a rebound.
7:22 of 1st period - Jonathan Matsumoto wins face-off versus Zack Hamill in Remparts zone.
7:50 of 1st period - Snap shot by Guillaume Desbiens.
7:50 of 1st period - Stopped by Ben Scrivens without a rebound.
7:51 of 1st period - Cédric Lalonde-McNicoll wins face-off versus Joe Colborne in Knights zone.
8:00 of 1st period - Slapshot by Nikita Nikitin.
8:00 of 1st period - Deflect By Johannes Salmonsson.
8:00 of 1st period - Stopped by Petr Mrazek with a rebound.
8:17 of 1st period - Nikita Nikitin is hit by Cédric Lalonde-McNicoll and loses puck.
9:55 of 1st period - Snap shot by Chris Thorburn.
9:55 of 1st period - Shot Misses the Net.
10:03 of 1st period - Snap shot by Cédric Lalonde-McNicoll.
10:03 of 1st period - Stopped by Ben Scrivens with a rebound.
10:05 of 1st period - Snap shot by Cédric Lalonde-McNicoll.
10:05 of 1st period - Stopped by Ben Scrivens without a rebound.
10:06 of 1st period - Michael Raffl wins face-off versus Jonathan Matsumoto in Knights zone.
11:14 of 1st period - Wrist shot by Jonathan Matsumoto.
11:14 of 1st period - Stopped by Ben Scrivens without a rebound.
11:15 of 1st period - Zack Hamill wins face-off versus Jonathan Matsumoto in Knights zone.
11:15 of 1st period - Zack Hamill is hit by Pasi Salonen.
11:28 of 1st period - Zack Hamill is hit by Jonathan Matsumoto and loses puck.
11:43 of 1st period - Snap shot by Linden Vey.
11:43 of 1st period - Stopped by Petr Mrazek with a rebound.
11:45 of 1st period - Snap shot by Linden Vey.
11:45 of 1st period - Shot Misses the Net.
11:47 of 1st period - Snap shot by Linden Vey.
11:47 of 1st period - Stopped by Petr Mrazek with a rebound.
12:47 of 1st period - Icing by Jared Spurgeon.
12:48 of 1st period - Max Reinhart wins face-off versus Philip Varone in Knights zone.
12:53 of 1st period - Wrist shot by Jonathan Cheechoo.
12:53 of 1st period - Shot Misses the Net.
12:55 of 1st period - Snap shot by Max Reinhart.
12:55 of 1st period - Shot Blocked by Jared Spurgeon.
13:13 of 1st period - Craig Adams is hit by Matt Halischuk and loses puck.
13:30 of 1st period - Geordie Wudrick is hit by A.J. Jenks and loses puck.
14:39 of 1st period - Luca Caputi is hit by Nikita Nikitin and loses puck.
16:55 of 1st period - Wrist shot by Jonathan Matsumoto.
16:55 of 1st period - Goal by Jonathan Matsumoto - Knights : 0 - Remparts : 2.
16:56 of 1st period - Jonathan Matsumoto wins face-off versus Zack Hamill in neutral zone.
17:29 of 1st period - Wrist shot by Joe Colborne.
17:29 of 1st period - Stopped by Petr Mrazek with a rebound.
17:31 of 1st period - Snap shot by Joe Colborne.
17:31 of 1st period - Stopped by Petr Mrazek with a rebound.
17:33 of 1st period - Snap shot by Chris Thorburn.
17:33 of 1st period - Shot Blocked by Guillaume Desbiens.
17:52 of 1st period - Wrist shot by Luca Caputi.
17:52 of 1st period - Stopped by Ben Scrivens without a rebound.
17:53 of 1st period - Zack Hamill wins face-off versus Jonathan Matsumoto in Knights zone.
19:45 of 1st period - Wrist shot by Joe Colborne.
19:45 of 1st period - Stopped by Petr Mrazek with a rebound.
19:47 of 1st period - Slapshot by Nikita Nikitin.
19:47 of 1st period - Shot Blocked by Brandon Gormley.
19:49 of 1st period - Slapshot by Chris Thorburn.
19:49 of 1st period - Shot Hit the Post.
19:51 of 1st period - Snap shot by Chris Thorburn.
19:51 of 1st period - Deflect By Joe Colborne.
19:51 of 1st period - Stopped by Petr Mrazek with a rebound.
Goals for this period are 0 for Knights vs 2 for Remparts.
Shots for this period are 12 for Knights vs 13 for Remparts.

2nd period


0:01 of 2nd period - Jonathan Matsumoto wins face-off versus Zack Hamill in neutral zone.
0:50 of 2nd period - Snap shot by Mika Zibanejad.
0:50 of 2nd period - Stopped by Ben Scrivens with a rebound.
0:56 of 2nd period - Slapshot by William Colbert.
0:56 of 2nd period - Shot Blocked by Tomas Kundratek.
0:58 of 2nd period - Snap shot by Mika Zibanejad.
0:58 of 2nd period - Stopped by Ben Scrivens with a rebound.
1:18 of 2nd period - Slapshot by Linden Vey.
1:18 of 2nd period - Shot Misses the Net.
1:30 of 2nd period - Wrist shot by Jonathan Cheechoo.
1:30 of 2nd period - Shot Misses the Net.
1:32 of 2nd period - Wrist shot by William Colbert.
1:32 of 2nd period - Shot Blocked by Scott Lehman.
1:34 of 2nd period - Snap shot by Pasi Salonen.
1:34 of 2nd period - Stopped by Ben Scrivens without a rebound.
1:35 of 2nd period - Jonathan Matsumoto wins face-off versus Zack Hamill in Knights zone.
2:38 of 2nd period - William Colbert is hit by Philip Varone and loses puck.
3:11 of 2nd period - Snap shot by Joe Colborne.
3:11 of 2nd period - Deflect By Chris Thorburn.
3:11 of 2nd period - Stopped by Petr Mrazek with a rebound.
3:13 of 2nd period - Snap shot by Joe Colborne.
3:13 of 2nd period - Shot Misses the Net.
3:15 of 2nd period - Slapshot by Joe Colborne.
3:15 of 2nd period - Stopped by Petr Mrazek with a rebound.
3:17 of 2nd period - Slapshot by Patrick Wiercioch.
3:17 of 2nd period - Shot Blocked by William Colbert.
3:19 of 2nd period - Snap shot by Chris Thorburn.
3:19 of 2nd period - Shot Misses the Net.
3:26 of 2nd period - Off-side.
3:27 of 2nd period - Jonathan Matsumoto wins face-off versus Zack Hamill in neutral zone.
3:37 of 2nd period - Off-side.
3:38 of 2nd period - Jonathan Matsumoto wins face-off versus Zack Hamill in neutral zone.
4:28 of 2nd period - Slapshot by Cody Bass.
4:28 of 2nd period - Shot Misses the Net.
4:30 of 2nd period - Slapshot by Cody Bass.
4:30 of 2nd period - Stopped by Petr Mrazek with a rebound.
4:32 of 2nd period - Slapshot by Scott Lehman.
4:32 of 2nd period - Shot Misses the Net.
4:34 of 2nd period - Slapshot by Scott Lehman.
4:34 of 2nd period - Deflect By Cody Bass.
4:34 of 2nd period - Shot Blocked by Michael Paliotta.
4:34 of 2nd period - Puck is out of play.
4:35 of 2nd period - Jonathan Matsumoto wins face-off versus Zack Hamill in Remparts zone.
4:46 of 2nd period - Wrist shot by Craig Adams.
4:46 of 2nd period - Stopped by Petr Mrazek without a rebound.
4:47 of 2nd period - Zack Hamill wins face-off versus Jonathan Matsumoto in Remparts zone.
4:56 of 2nd period - Nikita Nikitin is hit by Erik Gudbranson and loses puck.
5:21 of 2nd period - Snap shot by Chris Thorburn.
5:21 of 2nd period - Goal by Chris Thorburn - Knights : 1 - Remparts : 2.
5:22 of 2nd period - Jonathan Matsumoto wins face-off versus Zack Hamill in neutral zone.
5:31 of 2nd period - Slapshot by Michael Raffl.
5:31 of 2nd period - Shot Misses the Net.
5:35 of 2nd period - Snap shot by Zack Hamill.
5:35 of 2nd period - Shot Blocked by Matt Halischuk.
5:37 of 2nd period - Snap shot by Zack Hamill.
5:37 of 2nd period - Shot Hit the Post.
5:57 of 2nd period - Slapshot by Guillaume Desbiens.
5:57 of 2nd period - Shot Blocked by Tomas Kundratek.
6:11 of 2nd period - Mika Zibanejad is hit by Cody Bass and loses puck.
6:36 of 2nd period - Wrist shot by Craig Adams.
6:36 of 2nd period - Shot Misses the Net.
6:38 of 2nd period - Slapshot by Nikita Nikitin.
6:38 of 2nd period - Stopped by Petr Mrazek with a rebound.
6:40 of 2nd period - Wrist shot by Michael Raffl.
6:40 of 2nd period - Goal by Michael Raffl - Knights : 2 - Remparts : 2.
6:41 of 2nd period - Jonathan Matsumoto wins face-off versus Zack Hamill in neutral zone.
7:31 of 2nd period - Slapshot by Mika Zibanejad.
7:31 of 2nd period - Stopped by Ben Scrivens without a rebound.
7:32 of 2nd period - Cody Bass wins face-off versus Mika Zibanejad in Knights zone.
7:32 of 2nd period - Cody Bass is hit by Radko Gudas.
7:42 of 2nd period - Wrist shot by Cody Bass.
7:42 of 2nd period - Shot Misses the Net.
8:08 of 2nd period - Snap shot by Craig Adams.
8:08 of 2nd period - Stopped by Petr Mrazek without a rebound.
8:09 of 2nd period - Joe Colborne wins face-off versus Cédric Lalonde-McNicoll in Remparts zone.
8:25 of 2nd period - Icing by Johannes Salmonsson.
8:26 of 2nd period - Cédric Lalonde-McNicoll wins face-off versus Zack Hamill in Remparts zone.
8:26 of 2nd period - Cédric Lalonde-McNicoll is hit by Craig Adams.
8:43 of 2nd period - Minor Penalty to Guillaume Desbiens for Elbowing.
8:44 of 2nd period - Zack Hamill wins face-off versus Cédric Lalonde-McNicoll in Remparts zone.
8:48 of 2nd period - Slapshot by Zack Hamill.
8:48 of 2nd period - Stopped by Petr Mrazek with a rebound.
8:50 of 2nd period - Snap shot by Zack Hamill.
8:50 of 2nd period - Shot Blocked by Cédric Lalonde-McNicoll.
8:52 of 2nd period - Wrist shot by Tomas Kundratek.
8:52 of 2nd period - Shot Blocked by Johannes Salmonsson.
8:54 of 2nd period - Slapshot by Tomas Kundratek.
8:54 of 2nd period - Shot Blocked by Cédric Lalonde-McNicoll.
8:56 of 2nd period - Slapshot by Nikita Nikitin.
8:56 of 2nd period - Shot Misses the Net.
8:58 of 2nd period - Slapshot by Tomas Kundratek.
8:58 of 2nd period - Shot Blocked by Erik Gudbranson.
10:43 of 2nd period - Penalty to Guillaume Desbiens is over, Guillaume Desbiens is back on ice.
11:09 of 2nd period - Slapshot by Tomas Kundratek.
11:09 of 2nd period - Stopped by Petr Mrazek without a rebound.
11:10 of 2nd period - Philip Varone wins face-off versus Mika Zibanejad in Remparts zone.
11:14 of 2nd period - Icing by Radko Gudas.
11:15 of 2nd period - Joe Colborne wins face-off versus Mika Zibanejad in Remparts zone.
11:16 of 2nd period - Snap shot by Chris Thorburn.
11:16 of 2nd period - Shot Blocked by Radko Gudas.
11:18 of 2nd period - Slapshot by Jared Spurgeon.
11:18 of 2nd period - Stopped by Petr Mrazek without a rebound.
11:19 of 2nd period - Jonathan Matsumoto wins face-off versus Joe Colborne in Remparts zone.
11:26 of 2nd period - Ronalds Kenins is hit by Pasi Salonen.
11:44 of 2nd period - Erik Gudbranson is hit by Craig Adams and loses puck.
11:53 of 2nd period - Snap shot by Michael Raffl.
11:53 of 2nd period - Goal by Michael Raffl - Knights : 3 - Remparts : 2.
11:54 of 2nd period - Jonathan Matsumoto wins face-off versus Zack Hamill in neutral zone.
11:59 of 2nd period - Slapshot by Matt Halischuk.
11:59 of 2nd period - Stopped by Ben Scrivens with a rebound.
13:03 of 2nd period - Snap shot by Luca Caputi.
13:03 of 2nd period - Shot Misses the Net.
13:05 of 2nd period - Snap shot by Radko Gudas.
13:05 of 2nd period - Shot Misses the Net.
13:07 of 2nd period - Wrist shot by Luca Caputi.
13:07 of 2nd period - Stopped by Ben Scrivens without a rebound.
13:08 of 2nd period - Pasi Salonen wins face-off versus Cody Bass in Knights zone.
13:15 of 2nd period - Wrist shot by Matt Halischuk.
13:15 of 2nd period - Stopped by Ben Scrivens with a rebound.
13:17 of 2nd period - Snap shot by Jonathan Matsumoto.
13:17 of 2nd period - Stopped by Ben Scrivens with a rebound.
13:19 of 2nd period - Snap shot by Jonathan Matsumoto.
13:19 of 2nd period - Shot Misses the Net.
13:21 of 2nd period - Snap shot by Jonathan Matsumoto.
13:21 of 2nd period - Goal by Jonathan Matsumoto - Knights : 3 - Remparts : 3.
13:22 of 2nd period - Jonathan Matsumoto wins face-off versus Zack Hamill in neutral zone.
13:31 of 2nd period - Snap shot by Matt Halischuk.
13:31 of 2nd period - Stopped by Ben Scrivens without a rebound.
13:32 of 2nd period - Jonathan Matsumoto wins face-off versus Zack Hamill in Knights zone.
13:35 of 2nd period - Snap shot by Matt Halischuk.
13:35 of 2nd period - Stopped by Ben Scrivens without a rebound.
13:36 of 2nd period - Jonathan Matsumoto wins face-off versus Zack Hamill in Knights zone.
14:01 of 2nd period - Tomas Kundratek is hit by Johannes Salmonsson.
14:27 of 2nd period - Wrist shot by Luca Caputi.
14:27 of 2nd period - Stopped by Ben Scrivens with a rebound.
14:29 of 2nd period - Slapshot by Luca Caputi.
14:29 of 2nd period - Shot Blocked by A.J. Jenks.
14:31 of 2nd period - Snap shot by Luca Caputi.
14:31 of 2nd period - Stopped by Ben Scrivens with a rebound.
14:33 of 2nd period - Slapshot by Luca Caputi.
14:33 of 2nd period - Shot Misses the Net.
14:47 of 2nd period - Snap shot by Pasi Salonen.
14:47 of 2nd period - Goal by Pasi Salonen - Knights : 3 - Remparts : 4.
14:48 of 2nd period - Zack Hamill wins face-off versus Jonathan Matsumoto in neutral zone.
14:54 of 2nd period - Icing by Brandon Gormley.
14:55 of 2nd period - Zack Hamill wins face-off versus Jonathan Matsumoto in Remparts zone.
15:00 of 2nd period - Snap shot by Craig Adams.
15:00 of 2nd period - Deflect By Zack Hamill.
15:00 of 2nd period - Stopped by Petr Mrazek without a rebound.
15:01 of 2nd period - Zack Hamill wins face-off versus Jonathan Matsumoto in Remparts zone.
15:26 of 2nd period - Nikita Nikitin is hit by Guillaume Desbiens and loses puck.
15:37 of 2nd period - Slapshot by Nikita Nikitin.
15:37 of 2nd period - Stopped by Petr Mrazek with a rebound.
15:47 of 2nd period - Snap shot by Jimmy Hayes.
15:47 of 2nd period - Shot Blocked by Radko Gudas.
15:51 of 2nd period - Snap shot by Jimmy Hayes.
15:51 of 2nd period - Shot Blocked by Luca Caputi.
15:53 of 2nd period - Snap shot by A.J. Jenks.
15:53 of 2nd period - Stopped by Petr Mrazek with a rebound.
15:55 of 2nd period - Snap shot by Jared Spurgeon.
15:55 of 2nd period - Shot Blocked by Mika Zibanejad.
15:57 of 2nd period - Slapshot by A.J. Jenks.
15:57 of 2nd period - Stopped by Petr Mrazek with a rebound.
16:09 of 2nd period - Snap shot by Matt Halischuk.
16:09 of 2nd period - Shot Misses the Net.
16:11 of 2nd period - Slapshot by William Colbert.
16:11 of 2nd period - Stopped by Ben Scrivens with a rebound.
16:13 of 2nd period - Slapshot by Radko Gudas.
16:13 of 2nd period - Stopped by Ben Scrivens without a rebound.
16:14 of 2nd period - Zack Hamill wins face-off versus Jonathan Matsumoto in Knights zone.
16:48 of 2nd period - Snap shot by Jonathan Matsumoto.
16:48 of 2nd period - Stopped by Ben Scrivens with a rebound.
16:50 of 2nd period - Snap shot by Jonathan Matsumoto.
16:50 of 2nd period - Stopped by Ben Scrivens with a rebound.
16:52 of 2nd period - Snap shot by Brandon Gormley.
16:52 of 2nd period - Deflect By Jonathan Matsumoto.
16:52 of 2nd period - Stopped by Ben Scrivens without a rebound.
16:53 of 2nd period - Joe Colborne wins face-off versus Cédric Lalonde-McNicoll in Knights zone.
17:11 of 2nd period - Chris Thorburn is hit by Cédric Lalonde-McNicoll and loses puck.
17:24 of 2nd period - Slapshot by Jimmy Hayes.
17:24 of 2nd period - Stopped by Petr Mrazek with a rebound.
17:26 of 2nd period - Slapshot by Scott Lehman.
17:26 of 2nd period - Stopped by Petr Mrazek with a rebound.
17:48 of 2nd period - Backhand shot by Linden Vey.
17:48 of 2nd period - Shot Misses the Net.
18:02 of 2nd period - Erik Gudbranson is hit by Scott Lehman and loses puck.
18:30 of 2nd period - Slapshot by Ivan Vishnevski.
18:30 of 2nd period - Shot Misses the Net.
18:40 of 2nd period - Slapshot by William Colbert.
18:40 of 2nd period - Stopped by Ben Scrivens without a rebound.
18:41 of 2nd period - Zack Hamill wins face-off versus Mika Zibanejad in Knights zone.
18:50 of 2nd period - Nikita Nikitin is hit by Mika Zibanejad and loses puck.
19:35 of 2nd period - Icing by Brandon Gormley.
19:36 of 2nd period - Cédric Lalonde-McNicoll wins face-off versus Zack Hamill in Remparts zone.
Goals for this period are 3 for Knights vs 2 for Remparts.
Shots for this period are 18 for Knights vs 20 for Remparts.

3rd period


0:01 of 3rd period - Jonathan Matsumoto wins face-off versus Zack Hamill in neutral zone.
0:26 of 3rd period - Joe Colborne is hit by Guillaume Desbiens and loses puck.
1:29 of 3rd period - Minor Penalty to Scott Jackson for Holding.
1:30 of 3rd period - Jonathan Matsumoto wins face-off versus Craig Adams in Knights zone.
1:55 of 3rd period - Craig Adams is hit by Erik Gudbranson and loses puck.
3:18 of 3rd period - Jonathan Matsumoto is hit by Zack Hamill and loses puck.
3:29 of 3rd period - Penalty to Scott Jackson is over, Scott Jackson is back on ice.
3:39 of 3rd period - Snap shot by Cody Bass.
3:39 of 3rd period - Stopped by Petr Mrazek with a rebound.
3:41 of 3rd period - Snap shot by Jimmy Hayes.
3:41 of 3rd period - Shot Blocked by Petr Straka.
3:43 of 3rd period - Wrist shot by A.J. Jenks.
3:43 of 3rd period - Stopped by Petr Mrazek with a rebound.
3:45 of 3rd period - Snap shot by Cody Bass.
3:45 of 3rd period - Knights goal is going for a video replay.
3:45 of 3rd period - The goal is refused. The attacking player has interfered with a goalkeeper in his goal crease..
3:46 of 3rd period - Linden Vey wins face-off versus Max Reinhart in Remparts zone.
4:18 of 3rd period - Cédric Lalonde-McNicoll is hit by Nikita Nikitin and loses puck.
4:35 of 3rd period - Slapshot by Mika Zibanejad.
4:35 of 3rd period - Stopped by Ben Scrivens with a rebound.
4:39 of 3rd period - Snap shot by Mika Zibanejad.
4:39 of 3rd period - Shot Blocked by Ronalds Kenins.
4:41 of 3rd period - Wrist shot by Petr Straka.
4:41 of 3rd period - Shot Misses the Net.
4:43 of 3rd period - Slapshot by Brandon Gormley.
4:43 of 3rd period - Shot Blocked by Tomas Kundratek.
4:57 of 3rd period - Wrist shot by Zack Hamill.
4:57 of 3rd period - Stopped by Petr Mrazek without a rebound.
4:58 of 3rd period - Jonathan Matsumoto wins face-off versus Zack Hamill in Remparts zone.
5:15 of 3rd period - William Colbert is hit by Scott Lehman and loses puck.
5:30 of 3rd period - Slapshot by Scott Lehman.
5:30 of 3rd period - Shot Misses the Net.
5:32 of 3rd period - Snap shot by Ronalds Kenins.
5:32 of 3rd period - Stopped by Petr Mrazek without a rebound.
5:33 of 3rd period - Cédric Lalonde-McNicoll wins face-off versus Chris Thorburn in Remparts zone.
6:54 of 3rd period - William Colbert is hit by Colton Gillies and loses puck.
7:05 of 3rd period - Max Reinhart is hit by Ronalds Kenins and loses puck.
7:10 of 3rd period - Slapshot by Chris Thorburn.
7:10 of 3rd period - Shot Misses the Net.
7:24 of 3rd period - Slapshot by Radko Gudas.
7:24 of 3rd period - Shot Misses the Net.
8:19 of 3rd period - Icing by Petr Straka.
8:20 of 3rd period - Zack Hamill wins face-off versus Mika Zibanejad in Remparts zone.
8:33 of 3rd period - Snap shot by Petr Straka.
8:33 of 3rd period - Shot Misses the Net.
8:35 of 3rd period - Slapshot by Mika Zibanejad.
8:35 of 3rd period - Goal by Mika Zibanejad - Knights : 3 - Remparts : 5.
8:36 of 3rd period - Jonathan Matsumoto wins face-off versus Zack Hamill in neutral zone.
9:08 of 3rd period - Slapshot by Chris Thorburn.
9:08 of 3rd period - Goal by Chris Thorburn - Knights : 4 - Remparts : 5.
9:09 of 3rd period - Jonathan Matsumoto wins face-off versus Zack Hamill in neutral zone.
9:34 of 3rd period - Erik Gudbranson is hit by Tomas Kundratek.
9:42 of 3rd period - Wrist shot by Joe Colborne.
9:42 of 3rd period - Shot Misses the Net.
9:44 of 3rd period - Snap shot by Ronalds Kenins.
9:44 of 3rd period - Deflect By Chris Thorburn.
9:44 of 3rd period - Shot Misses the Net.
9:44 of 3rd period - Puck is out of play.
9:45 of 3rd period - Cody Bass wins face-off versus Jonathan Matsumoto in Remparts zone.
9:46 of 3rd period - Wrist shot by Jimmy Hayes.
9:46 of 3rd period - Shot Blocked by Radko Gudas.
9:48 of 3rd period - Snap shot by Cody Bass.
9:48 of 3rd period - Goal by Cody Bass - Knights : 5 - Remparts : 5.
9:49 of 3rd period - Jonathan Matsumoto wins face-off versus Zack Hamill in neutral zone.
10:00 of 3rd period - Pasi Salonen is hit by Michael Raffl and loses puck.
10:49 of 3rd period - Icing by Guillaume Desbiens.
10:50 of 3rd period - Cédric Lalonde-McNicoll wins face-off versus Zack Hamill in Remparts zone.
11:22 of 3rd period - Minor Penalty to Michael Raffl for Hooking.
11:23 of 3rd period - Craig Adams wins face-off versus Jonathan Matsumoto in Knights zone.
12:29 of 3rd period - Backhand shot by Jonathan Matsumoto.
12:29 of 3rd period - Shot Blocked by Scott Lehman.
12:31 of 3rd period - Snap shot by Matt Halischuk.
12:31 of 3rd period - Deflect By Pasi Salonen.
12:31 of 3rd period - Shot Blocked by Josh Jooris.
12:31 of 3rd period - Puck is out of play.
12:32 of 3rd period - Cédric Lalonde-McNicoll wins face-off versus Craig Adams in Knights zone.
13:22 of 3rd period - Penalty to Michael Raffl is over, Michael Raffl is back on ice.
13:30 of 3rd period - Jimmy Hayes is hit by Guillaume Desbiens and loses puck.
14:41 of 3rd period - Brandon Gormley is hit by Jimmy Hayes and loses puck.
14:56 of 3rd period - Slapshot by Jonathan Cheechoo.
14:56 of 3rd period - Shot Misses the Net.
15:02 of 3rd period - Slapshot by Geordie Wudrick.
15:02 of 3rd period - Stopped by Ben Scrivens without a rebound.
15:03 of 3rd period - Geordie Wudrick wins face-off versus Zack Hamill in Knights zone.
15:06 of 3rd period - Snap shot by Jonathan Cheechoo.
15:06 of 3rd period - Stopped by Ben Scrivens with a rebound.
17:09 of 3rd period - Michael Paliotta is hit by Jimmy Hayes and loses puck.
17:35 of 3rd period - Pasi Salonen is hit by Nikita Nikitin and loses puck.
17:42 of 3rd period - Wrist shot by Zack Hamill.
17:42 of 3rd period - Stopped by Petr Mrazek without a rebound.
17:43 of 3rd period - Cédric Lalonde-McNicoll wins face-off versus Zack Hamill in Remparts zone.
17:50 of 3rd period - Snap shot by Guillaume Desbiens.
17:50 of 3rd period - Shot Misses the Net.
18:29 of 3rd period - Slapshot by Scott Lehman.
18:29 of 3rd period - Shot Misses the Net.
18:31 of 3rd period - Wrist shot by Ronalds Kenins.
18:31 of 3rd period - Stopped by Petr Mrazek without a rebound.
18:32 of 3rd period - Jonathan Matsumoto wins face-off versus Joe Colborne in Remparts zone.
Goals for this period are 2 for Knights vs 1 for Remparts.
Shots for this period are 9 for Knights vs 4 for Remparts.

Overtime #1


0:01 of 1st overtime period - Craig Adams wins face-off versus Jonathan Matsumoto in neutral zone.
0:08 of 1st overtime period - Slapshot by Craig Adams.
0:08 of 1st overtime period - Stopped by Petr Mrazek without a rebound.
0:09 of 1st overtime period - Craig Adams wins face-off versus Jonathan Matsumoto in Remparts zone.
0:24 of 1st overtime period - Wrist shot by Jonathan Matsumoto.
0:24 of 1st overtime period - Goal by Jonathan Matsumoto - Knights : 5 - Remparts : 6.
Goals for this period are 0 for Knights vs 1 for Remparts.
Shots for this period are 1 for Knights vs 1 for Remparts.